 Dungeon Crawl Stone Soup version 0.27.0-1-g7a089689b8 (webtiles) character file.

Game seed: 4082756460361607554

11522 graki42 the Thaumaturge (level 11, -2/77 HPs)
             Began as a Mummy Necromancer on Aug 12, 2021.
             Was a Believer of Vehumet.
             Slain by a cane toad simulacrum (4 damage)
             ... on level 4 of the Lair of Beasts.
             The game lasted 01:09:02 (17169 turns).

graki42 the Thaumaturge (Mummy Necromancer)        Turns: 17169, Time: 01:09:02

Health: -2/77      AC: 11    Str: 17    XL:     11   Next: 50%
Magic:  27/27      EV: 12    Int: 19    God:    Vehumet [**....]
Gold:   637        SH:  5    Dex: 12    Spells: 19/34 levels left

rFire    . . .     SeeInvis .   v - +2 scimitar (drain)
rCold    + . .     Faith    .   (no shield)
rNeg     + + +     Spirit   .   j - +3 leather armour
rPois    ∞         Reflect  +   o - +1 helmet "Ozom Roo" {Drain rPois rN+ Will+++}
rElec    .         Harm     .   (no cloak)
rCorr    .         Rampage  .   h - +0 pair of gloves
Will     ++++.                  p - +0 pair of boots
Stlth    ++........             e - amulet of reflection
HPRegen  0.22/turn              f - +6 ring of strength
MPRegen  0.20/turn              q - ring of protection from fire

@: studying Conjurations
A: cold resistance 1, negative energy resistance 3, torment resistance 2, heat
vulnerability 1, no potions
a: Renounce Religion


You were on level 4 of the Lair of Beasts.
You worshipped Vehumet.
Vehumet was pleased with you.
You visited 3 branches of the dungeon, and saw 14 of its levels.

You collected 637 gold pieces.

Inventory:

Hand Weapons
 t - a +2 spear of venom
 v - a +2 scimitar of draining (weapon)
Missiles
 u - 3 throwing nets (quivered)
Armour
 h - a +0 pair of gloves (worn)
 j - a +3 leather armour (worn)
 o - the +1 helmet "Ozom Roo" (worn) {Drain rPois rN+ Will+++}
   (You found it on level 7 of the Dungeon)

   rPois:     It protects you from poison.
   rN:        It protects you from negative energy.
   Drain:     It drains your maximum health when unequipped.
   Will:      It greatly increases your willpower.
 p - a +0 pair of boots (worn)
Magical Staves
 m - a staff of conjuration
Jewellery
 c - a ring of ice
 e - an amulet of reflection (around neck)
 f - a +6 ring of strength (left hand)
 q - a ring of protection from fire (right hand)
 y - a ring of ice
Wands
 b - a wand of iceblast (14)
 s - a wand of flame (32)
 w - a wand of mindburst (14)
 x - a wand of paralysis (5)
Scrolls
 a - 3 scrolls of identify
 d - 4 scrolls of teleportation
 g - a scroll of vulnerability
 i - 4 scrolls of fog
 k - a scroll of immolation
 l - a scroll of holy word
 n - a scroll of magic mapping
 r - a scroll of brand weapon
 z - a scroll of enchant armour
 A - a scroll of enchant weapon


   Skills:
 + Level 4.0 Fighting
 - Level 4.0 Armour
 - Level 2.0 Dodging
 - Level 2.0 Stealth
 + Level 12.3 Spellcasting
 + Level 8.3 Conjurations
 + Level 11.6 Necromancy


You had 19 spell levels left.
You knew the following spells:

 Your Spells              Type           Power      Damage    Failure   Level
a - Pain                  Necr           100%       1d9       1%          1
b - Animate Skeleton      Necr           100%       N/A       1%          1
c - Vampiric Draining     Necr           27%        2d9       1%          3
d - Animate Dead          Necr           27%        N/A       1%          4
e - Agony                 Necr           54%        N/A       1%          5
f - Shock                 Conj/Air       100%       1d9       1%          1

Your spell library contained the following spells:

 Spells                   Type           Power      Damage    Failure   Level
 Searing Ray              Conj           86%        3d6       1%          2
 Swiftness                Air            11%        N/A       22%         3
 Airstrike                Air            5%         N/A       56%         4


Dungeon Overview and Level Annotations

Branches:
Dungeon (9/15)             Temple (1/1) D:7            Lair (4/6) D:8
  Swamp (0/4) Lair:2       Spider (0/4) Lair:4
    Orc: D:9-12

Altars:
Ashenzari
Cheibriados
Dithmenos
Fedhas
Gozag
Hepliaklqana
Makhleb
Nemelex Xobeh
Okawaru
Ru
Trog
Vehumet
Wu Jian
Xom
Yredelemnul
Zin
The Shining One
Beogh

Annotations:
D:6 Menkaure
D:8 2 runed translucent doors


Innate Abilities, Weirdness & Mutations

You are immune to poison.
Your flesh is cold resistant. (rC+)
You are immune to negative energy. (rN+++)
You are immune to unholy pain and torment.
You are vulnerable to heat. (rF-)
You do not drink.


Message History

Vehumet offers you knowledge of Searing Ray.
You feel your power returning.
You feel life coursing into your body.
As you read the scroll of identify, it crumbles to dust.
z - a scroll of enchant armour
As you read the scroll of identify, it crumbles to dust.
A - a scroll of enchant weapon
Okay, then.
You start resting.
Magic restored.
You climb downwards.
You feel a wave of frost pass over you.
There is an entrance to an ice cave on this level.
Hurry and find it before the portal melts!
You hear the crackling of a melting archway very nearby.
A water moccasin comes into view.
The water moccasin hisses angrily.
The blink frog gives a loud, deep croak!
You hear a croak. x2
The blink frog misses you.
You riposte.
You slash the blink frog!
The blink frog is moderately wounded.
The death yak simulacrum gores you but does no damage.
The elephant simulacrum barely misses you.
You riposte.
You hit the elephant simulacrum.
The elephant simulacrum is moderately damaged.
You block the elephant simulacrum's attack.
The blink frog hits you but does no damage.
The blink frog blinks!
The death yak simulacrum gores you! The death yak simulacrum freezes you!!
You resist. The death yak simulacrum gores you!
The death yak simulacrum freezes you!! You resist.
* * * LOW HITPOINT WARNING * * *
The elephant simulacrum barely misses you.
You riposte.
You hit the elephant simulacrum.
The elephant simulacrum is heavily damaged.
The elephant simulacrum closely misses you.
There is a stone staircase leading up here.
The blink frog hits you but does no damage.
The cane toad simulacrum hits you.
* * * LOW HITPOINT WARNING * * *
The cane toad simulacrum freezes you. You resist.
You die...

.........
.#...P..P #
#P..#..F. #
##..##.F####
#....##.##.
......#S..
..!......#
......FZ.#
#Z@.#
#.ZZ.......
.......#.##..
.......... ..
.#....#+#.#
## ....#. ..
...... ...
....P. ....


You could see 3 blink frogs, a water moccasin, 2 death yak simulacra, an
elephant simulacrum and a cane toad simulacrum.

Vanquished Creatures
  Harold (D:8)
  A black mamba (Lair:3)
  5 elephants (D:8)
  4 cane toads
  2 hornets
  A troll (D:9)
  8 blink frogs
  5 yaks (Lair:3)
  2 wyverns
  2 basilisks
  2 vampire mosquitoes (Lair:2)
  3 water moccasins
  2 sky beasts
  2 black bears
  4 ogres
  6 wolves (Lair:1)
  2 centaurs
  A kobold brigand (D:8)
  2 bullfrogs
  3 scorpions
  A wyvern zombie (D:8)
  A gnoll sergeant (D:9)
  4 howler monkeys
  An electric eel (D:6)
  A centaur zombie (D:7)
  3 hounds
  6 orc priests
  A centaur skeleton (D:6)
  7 orc wizards
  3 iguanas
  A hound skeleton (D:4)
  2 howler monkey zombies
  5 adders
  2 shadow imps
  2 white imps (D:7)
  An adder skeleton (D:4)
  A worm (D:5)
  4 dart slugs
  35 orcs
  7 bats
  9 endoplasms
  4 giant cockroaches
  7 goblins
  8 hobgoblins
  6 jackals
  10 kobolds
  7 quokkas
  5 ball pythons
  4 frilled lizards
  10 rats
216 creatures vanquished.

Vanquished Creatures (collateral kills)
  An elephant (Lair:1)
  A komodo dragon (Lair:1)
  2 blink frogs
  2 yaks (Lair:3)
  A vampire mosquito (Lair:2)
  A phantom (D:6)
  A bullfrog skeleton (D:6)
  2 orcs (D:8)
11 creatures vanquished.

Vanquished Creatures (others)
  A kobold (D:8)
  19 fungi
  13 plants
33 creatures vanquished.

Grand Total: 260 creatures vanquished

Notes
Turn   | Place    | Note
-------+----------+-------------------------------------------
     0 | D:1      | graki42 the Mummy Necromancer began the quest for the Orb.
     0 | D:1      | Reached XP level 1. HP: 13/13 MP: 4/4
   122 | D:1      | Learned a level 1 spell: Animate Skeleton
   330 | D:1      | Reached XP level 2. HP: 19/19 MP: 3/5
  1129 | D:1      | Found a faded altar of an unknown god.
  1469 | D:2      | Reached XP level 3. HP: 24/24 MP: 4/7
  1597 | D:2      | Learned a level 3 spell: Vampiric Draining
  1813 | D:2      | Reached skill level 3 in Spellcasting
  1813 | D:2      | Reached skill level 5 in Necromancy
  2262 | D:2      | Reached XP level 4. HP: 30/30 MP: 1/8
  2631 | D:3      | Learned a level 4 spell: Animate Dead
  2886 | D:3      | Reached skill level 1 in Fighting
  3024 | D:3      | Reached XP level 5. HP: 37/37 MP: 7/10
  3596 | D:3      | Found a shadowy altar of Dithmenos.
  3675 | D:3      | Noticed a phantom
  4113 | D:4      | Reached skill level 4 in Spellcasting
  4336 | D:4      | Reached XP level 6. HP: 44/44 MP: 7/12
  5092 | D:4      | Learned a level 5 spell: Agony
  5521 | D:5      | Entered Level 5 of the Dungeon
  5970 | D:5      | Noticed a water moccasin
  5970 | D:5      | Noticed a sky beast
  5977 | D:5      | Killed a water moccasin
  5978 | D:5      | Reached XP level 7. HP: 42/51 MP: 4/14
  6203 | D:5      | Reached skill level 1 in Armour
  6203 | D:5      | Reached skill level 5 in Spellcasting
  6619 | D:6      | Noticed Menkaure
  6902 | D:5      | Noticed a moth of wrath
  6904 | D:5      | Found a bloodstained altar of Trog.
  7982 | D:6      | Reached skill level 6 in Spellcasting
  8073 | D:6      | Reached XP level 8. HP: 47/58 MP: 12/17
  8409 | D:6      | Found a broken altar of Ashenzari.
  8614 | D:6      | Reached skill level 7 in Spellcasting
  8807 | D:6      | Found an opulent altar of Gozag.
  9210 | D:7      | Found a staircase to the Ecumenical Temple.
  9219 | Temple   | Entered the Ecumenical Temple
  9273 | Temple   | Became a worshipper of Vehumet
  9368 | D:7      | Identified the +1 helmet "Ozom Roo" {Drain rPois rN+
                  | Will+++}
  9489 | D:7      | Found a hazy altar of Hepliaklqana.
  9545 | D:7      | Found a sparkling altar of Nemelex Xobeh.
 10107 | D:8      | Identified the +5 dagger "Damux" {chaos, *Corrode rElec
                  | rPois Stlth+}
 10107 | D:8      | Noticed a kobold demonologist
 10116 | D:8      | Noticed Harold
 10474 | D:8      | Reached skill level 8 in Spellcasting
 10476 | D:8      | Reached XP level 9. HP: 50/63 MP: 7/21
 10561 | D:8      | Found a staircase to the Lair.
 10569 | D:8      | Identified the +1 scale mail of Untruth {+Inv rPois}
 10725 | D:8      | Reached * piety under Vehumet
 10725 | D:8      | Offered knowledge of Shock by Vehumet.
 10728 | D:8      | Learned a level 1 spell: Shock
 11140 | D:8      | Found a large runed translucent door.
 11140 | D:8      | Found a large runed translucent door.
 11142 | D:8      | Found a shimmering altar of Xom.
 11143 | D:8      | Noticed a green ugly thing
 11144 | D:8      | Noticed a white ugly thing
 11400 | D:8      | Found an iron altar of Okawaru.
 11475 | D:8      | Killed Harold
 11476 | D:8      | Reached skill level 9 in Spellcasting
 12057 | D:9      | Noticed a troll
 12068 | D:9      | Killed a troll
 12074 | D:9      | Noticed a centaur warrior
 12075 | D:9      | Noticed a centaur warrior
 12076 | D:9      | Found the +10 tower shield of Ignorance {rN+ Int-4}
 12457 | Lair:1   | Entered Level 1 of the Lair of Beasts
 12466 | Lair:1   | Noticed a cane toad
 12475 | Lair:1   | Killed a cane toad
 12571 | Lair:1   | Noticed a komodo dragon
 12578 | Lair:1   | Noticed a cane toad
 12597 | Lair:1   | Killed a cane toad
 12598 | Lair:1   | Reached skill level 10 in Spellcasting
 12598 | Lair:1   | Reached skill level 10 in Necromancy
 12598 | Lair:1   | Reached XP level 10. HP: 27/70 MP: 13/24
 13488 | Lair:1   | Noticed an elephant
 13488 | Lair:1   | Noticed an elephant
 13554 | Lair:1   | Killed an elephant
 13555 | Lair:1   | Reached skill level 5 in Conjurations
 13627 | Lair:1   | Noticed an elephant
 13629 | Lair:1   | Noticed an elephant
 13647 | Lair:1   | Noticed an elephant
 13647 | Lair:1   | Noticed an elephant
 13668 | D:8      | Killed an elephant
 13669 | D:8      | Reached skill level 11 in Spellcasting
 13851 | D:8      | Killed an elephant
 13857 | D:8      | Killed an elephant
 14022 | D:8      | Killed an elephant
 14062 | D:8      | Killed an elephant
 14621 | Lair:2   | Reached XP level 11. HP: 62/75 MP: 15/26
 15231 | Lair:2   | Found a staircase to the Swamp.
 15945 | Lair:3   | Reached skill level 12 in Spellcasting
 16657 | Lair:3   | Reached ** piety under Vehumet
 16984 | Lair:4   | Found a hole to the Spider Nest.
 17102 | Lair:3   | Offered knowledge of Searing Ray by Vehumet.
 17169 | Lair:4   | HP: 2/77 [cane toad simulacrum (6)]
 17169 | Lair:4   | Slain by a cane toad simulacrum

Illustrated notes

Levels and vault maps discovered:
D:1:      mushboom_english_gardens, layout_basic,
          hellmonk_ecumenical_altar_defaced_shrine
D:2:      layout_basic
D:3:      layout_loops_corners, lemuel_crystal_altar, lemuel_old_faithful
D:4:      layout_loops_ring
D:5:      layout_gridville, tgw_trog, chequers_serial_rivers_room_a
D:6:      layout_basic, general_overflow_altar, nicolae_ashenzari_panopticon,
          st_stairs_7, minivault_4, uniq_menkaure
D:7:      layout_loops_ring, mainiacjoe_overflow_paths,
          nemelex_diamond_rough_becter, minmay_temple_entry_arrows,
          hangedman_decor_growths
D:8:      due_chaos_kobolds, layout_basic, nicolae_overflow_hidden_temple,
          lemuel_doored_altar, mainiacjoe_overflow_alcove_2, lair_entry_dummy,
          serial_glass, glass_columns_a, glass_columns_b, glass_columns_b,
          due_unseen_surprise, uniq_harold
D:9:      layout_rooms, orc_0_dummy, minmay_checkerbox, uniq_psyche
Temple:   kb_temple_of_zot
Lair:1:   layout_long_grid
Lair:2:   layout_small_grid, minmay_swamp_entry_swarm
Lair:3:   layout_loops_ring
Lair:4:   layout_loops_ring, dummy_spider_entry,
          portal_ice_cave_entry_ice_simulacra, st_stairs_12,
          hangedman_lair_generics_rect

Skill      XL: |  1  2  3  4  5  6  7  8  9 10 11 |
---------------+----------------------------------+-----
Spellcasting   | 3 4 6 8 10 11 12 | 12.3
Necromancy     | 5 6 7 8 10 11 | 11.6
Stealth        | 2 |  2.0
Dodging        | 2 |  2.0
Fighting       | 1 2 3 4 |  4.0
Armour         | 2 4 |  4.0
Conjurations   | 3 6 8 |  8.3

Action                   |  1- 3 |  4- 6 |  7- 9 | 10-12 || total
-------------------------+-------+-------+-------+-------++-------
Melee: Unarmed           |     5 |    72 |    58 |       ||   135
       Mace              |       |       |    88 |       ||    88
       Whip              |       |       |    10 |       ||    10
       Scimitar          |       |       |     1 |    58 ||    59
Throw: Dart              |       |       |       |     2 ||     2
 Cast: Pain              |    73 |   131 |   200 |    89 ||   493
       Animate Skeleton  |     5 |     3 |    15 |     2 ||    25
       Vampiric Draining |     1 |     9 |    25 |    70 ||   105
       Shock             |       |       |    17 |    56 ||    73
       Agony             |       |       |     3 |       ||     3
       Animate Dead      |       |       |     1 |    10 ||    11
Evoke: Wand              |       |       |       |     1 ||     1
  Use: Scroll            |       |       |     7 |     4 ||    11
Armor: Robe              |     5 |     8 |       |       ||    13
       Leather armour    |       |       |    87 |   109 ||   196
Dodge: Dodged            |    16 |    70 |   157 |   151 ||   394
Block: Other             |       |    22 |    59 |    65 ||   146
       Reflection        |       |     1 |     4 |       ||     5
       Rpst.: Scimitar   |       |       |     2 |    41 ||    43
